Map: Acropolis LE

Players

pHARM - Winner!

  • Race: Zerg Zerg
  • League: Platinum
  • Spawn Location: 5:00

Pol

  • Race: Protoss Protoss
  • League: Platinum
  • Spawn Location: 11:00

VOD

Have the link to the VOD?

Description

Time

  • Played on: Aug. 30, 2019, 8:04 p.m.
  • Length: 8:43
Show
View Real Time Build Order
Export as new Build Order

pHARM Zerg - Winner!

Build Orders: Hatch First 

Get SALT Encoding   

  12  0:02  Drone  
  13  0:19  Overlord  
  13  0:20  Drone  
  14  0:37  Drone x2  
  16  0:52  Hatchery  
  16  0:57  Drone  
  16  1:00  Drone  
  17  1:07  Drone  
  18  1:26  Spawning Pool, Drone  
  18  1:27  Drone  
  19  1:47  Drone x2  
  19  1:51  Extractor  
  20  2:13  Queen x2  
  20  2:15  Drone x4  
  28  2:28  Overlord  
  28  2:47  Drone x4, Hatchery  
  31  2:54  Queen  
  33  2:59  Drone  
  33  3:00  Drone x2  
  36  3:05  Metabolic Boost  
  36  3:20  Overlord  
  36  3:21  Overlord  
  36  3:29  Overlord  
  36  3:36  Pneumatized Carapace  
  36  3:41  Drone x8  
  43  3:44  Extractor  
  43  3:45  Extractor  
  42  4:18  Drone x2  
  42  4:19  Drone x4  
  48  4:26  Drone x3  
  48  4:30  Evolution Chamber  
  50  4:31  Evolution Chamber  
  50  4:33  Roach Warren  
  48  4:38  Lair  
  48  4:54  Overlord  
  48  4:55  Overlord x3  
  48  4:58  Zerg Missile Weapons Level 1  
  48  5:07  Drone  
  48  5:08  Drone x6  
  48  5:09  Drone  
  48  5:12  Queen  
  48  5:13  Queen  
  60  5:25  Roach x8  
  76  5:35  Overlord x2  
  76  5:38  Glial Reconstitution  
  76  5:48  Roach x5  
  76  5:49  Roach x2  
  90  5:50  Overlord  
  90  6:03  Overlord  
  90  6:04  Overlord, Roach  
  90  6:05  Roach x3  
  98  6:17  Roach x5  
  98  6:18  Overseer x3  
  108  6:21  Roach x3  
  114  6:40  Roach  
  114  6:41  Roach x7  
  130  6:49  Overlord  
  130  6:50  Overlord  
  130  6:55  Extractor  
  130  6:57  Hydralisk Den  
  128  7:21  Roach x9  
  128  7:22  Overlord x7  
  146  7:45  Drone x7  
  153  8:04  Roach  
  153  8:05  Roach x7  
Show
View Real Time Build Order
Export as new Build Order

Pol Protoss 

Build Orders: Zealot Archon 

Get SALT Encoding   

  12  0:01  Probe  
  13  0:13  Probe  
  14  0:24  Probe  
  14  0:26  Pylon  
  15  0:34  Assimilator  
  15  0:40  Probe, Assimilator  
  16  0:51  Probe  
  17  0:58  Gateway  
  17  1:07  Gateway  
  17  1:12  Probe  
  18  1:23  Probe  
  19  1:31  Probe  
  20  1:40  Probe  
  20  1:46  Cybernetics Core  
  21  1:51  Probe  
  21  1:52  Pylon  
  22  2:05  Pylon  
  22  2:10  Zealot  
  24  2:35  Nexus  
  24  2:37  Stalker  
  26  2:48  Robotics Facility  
  26  2:56  Twilight Council  
  26  3:00  Probe  
  27  3:10  Stalker  
  27  3:12  Probe  
  30  3:13  Charge  
  30  3:22  Probe  
  31  3:30  Probe  
  32  3:40  Immortal  
  36  3:47  Pylon  
  36  3:50  Probe  
  37  3:59  Probe x2  
  38  4:07  Pylon  
  38  4:09  Probe  
  40  4:19  Observer  
  40  4:22  Gateway  
  41  4:27  Gateway  
  41  4:29  Gateway  
  41  4:34  Gateway  
  41  4:41  Gateway  
  41  4:50  Warp Gate  
  41  5:19  Stalker x2  
  45  5:23  Warp Prism  
  47  5:30  Forge  
  47  5:52  Protoss Ground Weapons Level 1  
  47  5:57  Zealot x2  
  47  5:59  Immortal  
  55  6:11  Pylon  
  55  6:12  Pylon  
  55  6:14  Pylon  
  55  6:15  Pylon  
  55  6:16  Pylon  
  55  6:23  Templar Archives  
  55  6:30  Assimilator  
  55  6:32  Assimilator  
  56  6:34  Pylon  
  55  6:41  Zealot x2  
  55  6:42  Zealot x3  
  55  6:43  Zealot x2  
  68  6:57  Probe  
  69  7:02  High Templar  
  69  7:04  High Templar  
  73  7:09  Probe  
  73  7:10  Archon  
  74  7:19  Zealot x3  
  74  7:20  Zealot x2  
  74  7:21  Probe  
  85  7:32  Observer  
  86  7:51  Zealot x2  
  86  7:52  Zealot x5  
  78  8:17  Zealot x5  
  78  8:18  Zealot x2  
Tags
 
Composition
Zealot Archon
Matchup
PvZ
Replay Pack
10.7.19
Spawn Locations
Cross Positions
Add a new tag
Caveats
  • Supply blocks, unpowered buildings, or Contaminate may cause inaccurate times.
  • Supply counts are checked every 10 seconds.